 Dungeon Crawl Stone Soup version 0.24-a0-475-g5b41c6f198 (webtiles) character file.

Game seed: 15991149672046289667

5302 deorigin the Slasher (level 10, -2/76 HPs)
             Began as a Demonspawn Gladiator on July 5, 2019.
             Slain by Joseph
             ... wielding a +0 quarterstaff
              (17 damage)
             ... on level 9 of the Dungeon.
             The game lasted 00:28:16 (9713 turns).

deorigin the Slasher (Demonspawn Gladiator)         Turns: 9713, Time: 00:28:16

Health: -2/76      AC:  0    Str: 15    XL:     10   Next: 37%
Magic:  14/14      EV: 22    Int:  9    God:
Gold:   295        SH:  0    Dex: 18    Spells: 9/9 levels left

rFire    . . .     SeeInvis .   (weapon currently unavailable)
rCold    . . .     Gourm    .   (shield currently unavailable)
rNeg     . . .     Faith    .   (armour currently unavailable)
rPois    .         Spirit   .   (helmet currently unavailable)
rElec    .         Reflect  .   (cloak currently unavailable)
rCorr    .         Harm     .   (gloves currently unavailable)
MR       .....                  (boots unavailable)
Stlth    +.........             (no amulet)
HPRegen  0.22/turn              (ring currently unavailable)
MPRegen  0.14/turn              (ring currently unavailable)

@: confused, pig-form, very quick
A: small, repulsion field 1, flame cloud immunity
a: no special abilities


You were on level 9 of the Dungeon.
You were not hungry.
You were a filthy swine.
You visited 2 branches of the dungeon, and saw 10 of its levels.

You collected 295 gold pieces.

Inventory:

Hand Weapons
 a - a +0 long sword
 k - a +1 dagger of venom (melded)
 v - a +4 dagger of speed
 x - a +2 falchion of protection
 z - a +0 hunting sling
 G - a +4 short sword
Missiles
 s - 25 sling bullets
 y - 235 stones
 B - 2 throwing nets (quivered)
 I - 30 poisoned darts
Armour
 b - a +0 leather armour
 c - a +1 helmet
 h - a +0 chain mail
 n - a +0 chain mail
 q - a +0 scale mail
 r - a +0 ring mail (melded)
 t - a +0 hat of magic resistance (melded)
 A - a +0 scale mail
Jewellery
 H - a ring of poison resistance (melded)
Wands
 d - a wand of polymorph (2)
 F - a wand of acid (8)
 L - a wand of iceblast (5)
 N - a wand of random effects (11)
Scrolls
 e - 2 scrolls of enchant weapon {unknown}
 i - 2 scrolls of fog
 l - a scroll of random uselessness {unknown}
 m - 3 scrolls of remove curse
 u - 2 scrolls of enchant armour
 C - a scroll of teleportation
 E - 2 scrolls of immolation
 J - a scroll of blinking {unknown}
 M - a scroll of magic mapping {unknown}
Potions
 g - a potion of agility
 j - 2 potions of curing
 o - 2 potions of lignification
 w - a potion of haste {unknown}
 D - a potion of ambrosia
 K - a potion of magic {unknown}
 O - a potion of might
Comestibles
 f - 7 rations
 p - a chunk of flesh


   Skills:
 - Level 6.1 Fighting
 - Level 7.0 Long Blades
 - Level 1.7 Throwing
 + Level 5.7 Armour
 - Level 6.7 Dodging
 - Level 5.0 Stealth
 - Level 6.3 Evocations


You had 9 spell levels left.
You didn't know any spells.
Your spell library contained the following spells:

 Spells                   Type           Power        Failure   Level  Hunger
 Summon Small Mammal      Summ           #...         38%         1    ##.....
 Call Imp                 Summ           #.......     52%         2    ###....
 Call Canine Familiar     Summ           #.......     77%         3    ####...
 Summon Guardian Golem    Hex/Summ       #.......     77%         3    ####...
 Summon Ice Beast         Ice/Summ       #.......     99%         4    #####..
 Summon Lightning Spire   Summ/Air       #.......     99%         4    #####..


Dungeon Overview and Level Annotations

Branches:
Dungeon (9/15)             Temple (1/1) D:5
   Lair: D:8-11         Orc: D:9-12

Altars:
Ashenzari
Cheibriados
Dithmenos
Fedhas
Gozag
Hepliaklqana
Kikubaaqudgha
Makhleb
Nemelex Xobeh
Okawaru
Qazlal
Ru
Sif Muna
Trog
Uskayaw
Vehumet
Xom
Yredelemnul
Zin
The Shining One

Annotations:
D:7 3 runed translucent doors, Tribosh's ghost, novice FoFi
D:9 Joseph


Innate Abilities, Weirdness & Mutations

((You have claws for feet.))
You are surrounded by a mild repulsion field. (EV +2)
((Your flesh is heat resistant. (rF+)))
You are immune to clouds of flame.


Message History

a +0 trident; a cursed +0 ring mail; an orc corpse You closely miss Joseph.
Joseph is severely wounded.
Joseph zaps a wand.
You easily resist.
The now-empty wand crumbles to dust.
You hit Joseph.
Joseph is almost dead.
Unknown command.
You hit Joseph but do no damage.
Joseph is almost dead.
Joseph completely misses you.
Unknown command.
You barely miss Joseph.
Joseph is almost dead.
Joseph shouts, "At last, some action!"
Joseph hits you with a +0 quarterstaff!
* * * LOW HITPOINT WARNING * * *
Unknown command.
You are confused.
You feel invigorated. Joseph hits you with a +0 quarterstaff!
You die...

#... ... ..# ... #.# #.# #@# #h#
#(# .# #.# #.. ## ## ##.##.# #.#
.#. ##P# #)....# #.# ^#. #..
#.#.### #.# # ^.. #.### #.#..#
#.# #####
..P#####...####.##.######.###....
.P...#O.^###.....................


You could see Joseph.

Vanquished Creatures
  Gastronok (D:8)
  Pikel (D:7)
  A kobold demonologist (D:6)
  Eustachio (D:5)
  A sky beast (D:7)
  An orc warrior (D:9)
  A phantom (D:7)
  Purgy (D:3)
  3 ice beasts
  A black bear (D:4)
  A necrophage (D:6)
  3 ogres
  A centaur (D:6)
  4 bullfrogs
  6 scorpions
  3 killer bees (D:7)
  4 wights (D:6)
  A howler monkey (D:7)
  6 crimson imps
  A bullfrog zombie (D:6)
  2 jellies (D:9)
  3 orc priests
  4 hounds
  5 orc wizards
  Ijyb (D:2)
  2 iguanas (D:7)
  5 worker ants
  Robin (D:3)
  A howler monkey skeleton (D:6)
  17 adders
  2 shadow imps
  An ooze (D:7)
  4 adder skeletons
  An adder zombie (D:5)
  A worm (D:2)
  4 dart slugs
  3 leopard geckos
  26 orcs
  9 bats
  9 giant cockroaches
  18 goblins
  18 hobgoblins
  5 jackals (D:5)
  2 kobolds
  4 quokkas
  5 frilled lizards
  A leopard gecko zombie (D:5)
  6 rats
202 creatures vanquished.

Vanquished Creatures (others)
  A crimson imp (D:8)
  7 fungi (D:9)
  3 plants (D:9)
11 creatures vanquished.

Grand Total: 213 creatures vanquished

Notes
Turn   | Place    | Note
-------+----------+-------------------------------------------
     0 | D:1      | deorigin the Demonspawn Gladiator began the quest for the
                  | Orb.
     0 | D:1      | Reached XP level 1. HP: 16/16 MP: 1/1
    64 | D:1      | Reached skill level 3 in Long Blades
   371 | D:1      | Gained mutation: You are surrounded by a mild repulsion
                  | field. (EV +2) [demonic ancestry]
   371 | D:1      | Reached XP level 2. HP: 22/22 MP: 2/2
   923 | D:1      | Gained mutation: Your flesh is heat resistant. (rF+)
                  | [demonic ancestry]
   923 | D:1      | Reached XP level 3. HP: 27/27 MP: 3/3
  1117 | D:2      | Reached skill level 4 in Long Blades
  1370 | D:2      | Reached XP level 4. HP: 28/33 MP: 4/4
  2137 | D:3      | Noticed Purgy
  2145 | D:3      | Noticed Robin
  2162 | D:3      | Killed Robin
  2162 | D:3      | Reached skill level 5 in Long Blades
  2411 | D:3      | Reached skill level 1 in Stealth
  2411 | D:3      | Reached XP level 5. HP: 38/38 MP: 5/5
  2447 | D:3      | Found an iron altar of Okawaru.
  2514 | D:3      | Found a glowing golden altar of the Shining One.
  2855 | D:3      | Found a sparkling altar of Nemelex Xobeh.
  2864 | D:3      | Noticed Ijyb
  2949 | D:2      | Killed Ijyb
  2949 | D:2      | Gained mutation: You have sharp toenails. [demonic
                  | ancestry]
  2949 | D:2      | Reached XP level 6. HP: 42/44 MP: 6/6
  2977 | D:3      | Found a burning altar of Makhleb.
  2982 | D:3      | Found a radiant altar of Vehumet.
  3296 | D:3      | Killed Purgy
  3621 | D:4      | Gained mutation: You have razor-sharp toenails. [demonic
                  | ancestry]
  3621 | D:4      | Reached XP level 7. HP: 32/52 MP: 7/7
  4252 | D:5      | Entered Level 5 of the Dungeon
  4472 | D:5      | Found a blossoming altar of Fedhas.
  4574 | D:5      | Found a staircase to the Ecumenical Temple.
  4750 | Temple   | Entered the Ecumenical Temple
  4967 | D:5      | Noticed Eustachio
  5200 | D:5      | Killed Eustachio
  5200 | D:5      | Reached skill level 6 in Long Blades
  5506 | D:5      | Found an opulent altar of Gozag.
  5786 | D:6      | Reached XP level 8. HP: 61/61 MP: 8/8
  5854 | D:6      | Reached skill level 5 in Stealth
  6415 | D:6      | Noticed a kobold demonologist
  6420 | D:6      | Killed a kobold demonologist
  6453 | D:6      | Found an opulent altar of Gozag.
  6453 | D:6      | Found an iron altar of Okawaru.
  6473 | D:6      | Found a deep blue altar of Sif Muna.
  6475 | D:6      | Found a faded altar of an unknown god.
  6476 | D:6      | Found a faded altar of an unknown god.
  6715 | D:7      | Reached skill level 5 in Fighting
  6715 | D:7      | Gained mutation: You are immune to clouds of flame.
                  | [demonic ancestry]
  6715 | D:7      | Reached XP level 9. HP: 48/68 MP: 9/9
  7294 | D:7      | Found a runed translucent gate.
  7294 | D:7      | Found a runed translucent gate.
  7294 | D:7      | Noticed Tribosh's ghost (novice FoFi)
  7295 | D:7      | Found a runed translucent gate.
  7382 | D:7      | Reached skill level 7 in Long Blades
  7470 | D:7      | Reached skill level 5 in Dodging
  7796 | D:8      | Noticed Pikel
  7929 | D:7      | Killed Pikel
  7943 | D:8      | Found a shadowy altar of Dithmenos.
  7981 | D:8      | Noticed Gastronok
  8010 | D:8      | HP: 1/68 [Gastronok/the air (17)]
  8346 | D:7      | Reached skill level 1 in Evocations
  8496 | D:8      | Killed Gastronok
  8496 | D:8      | Gained mutation: You have claws for feet. [demonic
                  | ancestry]
  8496 | D:8      | Reached XP level 10. HP: 69/74 MP: 10/14
  8993 | D:9      | Reached skill level 5 in Armour
  9017 | D:9      | Noticed a two-headed ogre
  9659 | D:9      | Identified the +2 robe of Optimism {rN+ Int+6}
  9675 | D:9      | Noticed Joseph
  9713 | D:9      | Slain by Joseph

Levels and vault maps discovered:
D:1:      giann_wishing_wells, layout_loops_ring, serial_bayou_pond_a
D:2:      layout_loops_cross
D:3:      layout_basic, grunt_temple_overflow_lords_of_destruction,
          old_standard_altar, old_standard_altar, okawaru_gym_becter,
          uniq_purgy, uniq_ijyb, uniq_robin
D:4:      layout_basic, corexii_item_surrounded_by_moat, minmay_parallelograms,
          minmay_strange_pillars
D:5:      layout_loops_ring, nicolae_overflow_hidden_temple,
          minmay_temple_entry_gardened_gates, first_ration, basic_altar,
          kennysheep_cluttered_room, grunt_gozag_statues, uniq_eustachio
D:6:      layout_loops_ring, chequers_temple_overflow_minitemple,
          kennysheep_pointless_box, st_stairs_3
D:7:      layout_cave_pools, ebering_ghost_rock_garden
D:8:      layout_rooms, grunt_dithmenos_shadows, enter_bailey_2, uniq_gastronok,
          uniq_pikel
D:9:      old_forge, layout_rooms, marbit_many_paths,
          ebering_ghost_funeral_grove, grunt_pizzeria,
          eino_small_chamber_without_monster, uniq_joseph
Temple:   nicolae_temple_hex_pool

Skill      XL: |  1  2  3  4  5  6  7  8  9 10 |
---------------+-------------------------------+-----
Long Blades    | 3 4 5 6 7 |  7.0
Stealth        | 1 2 3 5 |  5.0
Dodging        | 3 4 6 |  6.7
Fighting       | 3 4 5 6 |  6.1
Armour         | 4 5 |  5.7
Evocations     | 6 |  6.3
Throwing       | |  1.7

Action                   |  1- 3 |  4- 6 |  7- 9 | 10-12 || total
-------------------------+-------+-------+-------+-------++-------
Melee: Long sword        |   100 |    71 |       |       ||   171
       Falchion          |       |   115 |   148 |       ||   263
       Unarmed           |       |    13 |       |    14 ||    27
       Kick              |       |    14 |   135 |    44 ||   193
       Dagger            |       |       |   227 |   136 ||   363
 Fire: Hunting sling     |       |    12 |     8 |       ||    20
Throw: Throwing net      |       |     6 |     2 |       ||     8
Evoke: Wand              |       |       |     4 |     1 ||     5
  Use: Scroll            |       |       |    10 |     2 ||    12
       Potion            |       |       |     4 |     1 ||     5
 Stab: Sleeping          |     1 |     2 |    10 |     1 ||    14
       Distracted        |       |     1 |     1 |     1 ||     3
       Held in net/web   |       |     1 |       |       ||     1
  Eat: Chunk             |     2 |     7 |    10 |     3 ||    22
       Ration            |       |       |     2 |       ||     2
Armor: Leather armour    |    26 |       |       |       ||    26
       Ring mail         |       |    68 |    99 |    22 ||   189
       Skin              |       |     1 |       |       ||     1
Dodge: Dodged            |    82 |   155 |   256 |   118 ||   611
       Rpst.: Long sword |    28 |    14 |       |       ||    42
       Falchion          |       |    27 |    29 |       ||    56

Table legend:
 A = Non-vault XP
 B = Vault XP
 C = Vault XP percentage of total XP
 D = Non-vault monster count
 E = Vault monster count
 F = Vault count percentage of total count
                 A         B        C        D         E       F
            +---------+---------+-------+---------+---------+-------
      Total |    4237 |    3338 |  44.1 |     171 |      31 |  15.3
            +---------+---------+-------+---------+---------+-------
        D:1 |      43 |       0 |   0.0 |      21 |       0 |   0.0
        D:2 |      94 |      38 |  28.8 |      24 |       2 |   7.7
        D:3 |     210 |     209 |  49.9 |      27 |      12 |  30.8
        D:4 |     239 |       0 |   0.0 |       5 |       0 |   0.0
        D:5 |     278 |     181 |  39.4 |      25 |       1 |   3.8
        D:6 |    1187 |     122 |   9.3 |      19 |       1 |   5.0
        D:7 |    1169 |     652 |  35.8 |      23 |       2 |   8.0
        D:8 |     515 |    1744 |  77.2 |      14 |       1 |   6.7
        D:9 |     502 |     392 |  43.8 |      13 |      12 |  48.0
            +---------+---------+-------+---------+---------+-------
